 Dungeon Crawl Stone Soup version 0.30-a0-883-g5ad918d77d (webtiles) character file.

Game seed: 12702500912168951561

823 Pimp the Digger (level 7, -6/56 HPs)
             Began as a Purple Draconian Earth Elementalist on Mar 16, 2023.
             Was a Follower of Okawaru.
             Mangled by a sleepcap (21 damage)
             ... on level 6 of the Dungeon.
             The game lasted 00:15:45 (5939 turns).

Pimp the Digger (DrEE)                              Turns: 5939, Time: 00:15:46

Health: -6/56      AC:  2    Str: 10    XL:     7   Next: 63%
Magic:  10/13      EV:  5    Int: 24    God:    Okawaru [*.....]
Gold:   249        SH:  0    Dex: 16    Spells: 4/14 levels left

rFire   . . .      SeeInvis .    h - melded +5 short sword (protect)
rCold   . . .      Faith    +    (shield currently unavailable)
rNeg    . . .      Spirit   .    (body armour unavailable)
rPois   x          Reflect  .    (helmet currently unavailable)
rElec   .          Rampage  .    (cloak currently unavailable)
rCorr   .                        (gloves currently unavailable)
Will    +....                    (boots currently unavailable)
Stlth   ++                       c - amulet of faith
HPRegen 0.29/turn                g - +6 ring of intelligence
MPRegen 0.13/turn                (no ring)

@: spider-form, sleeping
A: venomous fangs, (breathe power), AC +6, tiny, unfitting armour,
(cold-blooded)
a: End Transformation, Renounce Religion, Heroism


You were on level 6 of the Dungeon.
You worshipped Okawaru.
Okawaru was aware of your devotion.
You were a venomous arachnid creature.
You visited 1 branch of the dungeon, and saw 6 of its levels.

You collected 249 gold pieces.

Inventory:

Hand Weapons
 b - a +0 short sword
 h - a +5 short sword of protection (melded)
 l - a +1 hand axe
Missiles
 j - 2 boomerangs of dispersal
 n - 5 javelins
Jewellery
 c - an amulet of faith (around neck)
 g - a +6 ring of intelligence (left front pincers)
Wands
 e - a wand of roots (1)
 k - a wand of flame (18) (quivered)
Scrolls
 f - 2 scrolls of identify
 i - 2 scrolls of silence
Potions
 a - a potion of magic


   Skills:
 + Level 2.7 Fighting
 - Level 0.1 Short Blades
 + Level 2.4 Axes
 + Level 3.1 Dodging
 + Level 3.3 Stealth
 + Level 4.0 Spellcasting
 + Level 2.4 Conjurations
 + Level 1.0 Hexes
 + Level 3.2 Transmutations
 + Level 4.1 Earth Magic
 + Level 1.2 Invocations
 + Level 0.9 Evocations


You had 4 spell levels left.
You knew the following spells:

 Your Spells              Type           Power      Damage    Failure   Level
a - Sandblast             Erth           48%        2d12      8%          1
b - Searing Ray           Conj           32%        2d5       16%         2
c - Fulminant Prism       Conj/Hex       6%         3d7       65%         4
d - Spider Form           Tmut/Pois      12%        N/A       34%         3

Your spell library contained the following spells:

 Spells                   Type           Power      Damage    Failure   Level
 Beastly Appendage        Tmut           40%        N/A       10%         1
 Passwall                 Tmut/Erth      18%        N/A       11%         2
 Magic Dart               Conj           64%        1d6       12%         1
 Wereblood                Tmut           20%        N/A       13%         2
 Stone Arrow              Conj/Erth      40%        3d9       21%         3
 Necrotise                Necr           16%        1d4       24%         1
 Petrify                  Tmut/Erth      22%        N/A       43%         4
 Vampiric Draining        Necr           4%         2d6       50%         3
 Agony                    Necr           4%         N/A       99%         5


Dungeon Overview and Level Annotations

Branches:
Dungeon (6/15)             Temple (0/1) D:5

Altars:
Cheibriados
Elyvilon
Hepliaklqana
Okawaru
The Shining One

Shops:
D:5 [


Innate Abilities, Weirdness & Mutations

You are a venomous arachnid creature.
You have venomous fangs.
You are tiny and dextrous.
Your spellcasting is less reliable in this form.
Your armour is entirely melded.
You are incapable of wielding weapons or throwing items.
((You can breathe bolts of dispelling energy.))
((Your rich purple scales are hard. (AC +6)))
You cannot fit into any form of body armour.
((You are cold-blooded and may be slowed by cold attacks.))


Message History

You are engulfed in a cloud of soporific spores!
You fall asleep.
The sleepcap releases spores at you.
You wake up.
You hit the sleepcap but do no damage.
The sleepcap is moderately damaged.
The sleepcap barely misses you.
You hit the sleepcap but do no damage.
The sleepcap is moderately damaged.
Your transformation is almost over.
The sleepcap releases spores at you.
* * * LOW HITPOINT WARNING * * *
You hit the sleepcap but do no damage.
The sleepcap is moderately damaged.
The sleepcap misses you.
You hit the sleepcap.
The sleepcap is moderately damaged.
The sleepcap misses you.
You hit the sleepcap.
The sleepcap is moderately damaged.
The sleepcap barely misses you.
Your transformation has ended.
Your +5 short sword of protection unmelds from your body.
Your +5 short sword of protection hums with potential!
Casting: Spider Form (dangerous; 16% risk of failure)
Confirm with . or Enter, or press ? or * to list all spells.
You turn into a venomous arachnid creature.
Your +5 short sword of protection melds into your body.
Your +5 short sword of protection goes still.
The sleepcap closely misses you.
You hit the sleepcap but do no damage.
The sleepcap is poisoned.
The sleepcap is moderately damaged.
The sleepcap completely misses you.
You hit the sleepcap.
The sleepcap is heavily damaged.
The sleepcap releases spores at you.
* * * LOW HITPOINT WARNING * * *
You are engulfed in a cloud of soporific spores!
You fall asleep.
The sleepcap releases spores at you!!
You die...

#....#.........##...#
####......##...#.....
###...###.####....
#.....#.#..###....
#####..........##....
##..#...##......#.....
#......####....[[.....
#....###.##...........
###
#....sfs.#...s........
####.##
##.#..#...#...........
# #..#..#
####.##..#......####.
..#.....###
..###........# ..
..........## ..##
#.##...... ..
...........#....
#.####.... .#
.........J...... ...
.## ......<..# #....
.... ...KK.....#
#...##


You could see a sleepcap (very poisoned) and a scorpion.

Vanquished Creatures
  Menkaure (D:4)
  An ice beast (D:6)
  3 ogres
  5 hounds
  A jelly (D:5)
  A sleepcap (D:5)
  An orc wizard (D:6)
  4 adders
  An ufetubus (D:4)
  5 worms
  A dart slug (D:3)
  7 orcs
  6 ball pythons
  2 bats
  5 endoplasms
  2 giant cockroaches
  5 goblins
  6 hobgoblins
  4 jackals (D:4)
  5 kobolds
  2 quokkas
  2 frilled lizards
  6 rats
76 creatures vanquished.

Vanquished Creatures (others)
  A fulminant prism (D:6)
1 creature vanquished.

Grand Total: 77 creatures vanquished

Notes
Turn   | Place    | Note
-------+----------+-------------------------------------------
     0 | D:1      | Pimp the Draconian Earth Elementalist began the quest for
                  | the Orb.
     0 | D:1      | Reached XP level 1. HP: 14/14 MP: 3/3
   380 | D:1      | Reached XP level 2. HP: 19/20 MP: 3/5
  1249 | D:2      | Learned a level 2 spell: Searing Ray
  1384 | D:2      | Reached XP level 3. HP: 15/26 MP: 4/6
  1433 | D:2      | Found a white marble altar of Elyvilon.
  2708 | D:3      | Reached XP level 4. HP: 21/34 MP: 5/7
  2733 | D:3      | Learned a level 4 spell: Fulminant Prism
  2800 | D:3      | Reached skill level 1 in Fighting
  3128 | D:3      | Found a faded altar of an unknown god.
  3406 | D:4      | Noticed an ogre
  3610 | D:4      | Noticed Menkaure
  3612 | D:4      | Noticed an ogre
  3668 | D:4      | Killed an ogre
  3669 | D:4      | Reached skill level 1 in Axes
  3669 | D:4      | Reached skill level 1 in Conjurations
  3669 | D:4      | Reached XP level 5. HP: 40/40 MP: 3/8
  3831 | D:4      | Killed Menkaure
  3832 | D:4      | Reached XP level 6. HP: 34/48 MP: 4/10
  4367 | D:4      | Found an iron altar of Okawaru.
  4371 | D:4      | Became a worshipper of Warmaster Okawaru
  4405 | D:4      | Found a hazy altar of Hepliaklqana.
  4512 | D:4      | Found a snail-covered altar of Cheibriados.
  4530 | D:5      | Entered Level 5 of the Dungeon
  4646 | D:5      | Found Heimni's Antique Armour Shoppe.
  4740 | D:5      | Found a staircase to the Ecumenical Temple.
  4868 | D:5      | Found a glowing golden altar of the Shining One.
  4889 | D:5      | Your scales start taking on a rich purple colour.
  4889 | D:5      | Reached XP level 7. HP: 54/56 MP: 12/12
  5722 | D:6      | Reached * piety under Okawaru
  5723 | D:6      | Reached skill level 1 in Invocations
  5805 | D:6      | Reached skill level 1 in Hexes
  5862 | D:6      | Learned a level 3 spell: Spider Form
  5939 | D:6      | Mangled by a sleepcap

Illustrated notes

Levels and vault maps discovered:
D:1:      wheals_arrival_linesprint, layout_basic
D:2:      layout_loops_ring, basic_altar
D:3:      layout_basic, chequers_ecumenical_altar_simple
D:4:      layout_cave_pools, kennysheep_mini_moat,
          mainiacjoe_overflow_catch_the_wave, uniq_menkaure
D:5:      layout_loops_ring, kennysheep_mini, minmay_temple_entry_overgrown,
          serial_shops, shop
D:6:      layout_cave_pools, tgw_xom, minmay_fractal_squares_5

Skill      XL: |  1  2  3  4  5  6  7 |
---------------+----------------------+-----
Stealth        | 2 3 |  3.3
Dodging        | 2 3 |  3.1
Fighting       | 1 2 |  2.7
Axes           | 1 2 |  2.4
Conjurations   | 1 2 |  2.4
Transmutations | 2 3 |  3.2
Spellcasting   | 3 4 |  4.0
Earth Magic    | 4 |  4.1
Invocations    | 1 |  1.2
Hexes          | 1 |  1.0
Short Blades   | |  0.1
Evocations     | |  0.9

Action                     |  1- 3 |  4- 6 |  7- 9 || total
---------------------------+-------+-------+-------++-------
  Melee: Short sword       |    55 |       |     5 ||    60
         Tailslap          |    16 |    12 |     9 ||    37
         Unarmed           |     4 |       |    18 ||    22
         Hand axe          |    71 |   109 |    29 ||   209
         Punch             |     3 |       |       ||     3
   Cast: Sandblast         |    27 |     2 |     4 ||    33
         Searing Ray       |       |    10 |     6 ||    16
         Spider Form       |       |       |     2 ||     2
         Fulminant Prism   |       |       |     1 ||     1
  Evoke: Wand              |       |     3 |       ||     3
    Use: Scroll            |     6 |     3 |     4 ||    13
         Potion            |     4 |     2 |     3 ||     9
   Stab: Sleeping          |     9 |     1 |       ||    10
         Invisible         |       |     2 |       ||     2
 Armour: Skin              |    42 |    72 |    14 ||   128
  Dodge: Dodged            |    94 |   142 |    54 ||   290

Table legend: (Time is in decaauts)
 A = Elapsed time spent in this place.
 B = Non-inter-level travel time spent in this place.
 C = Inter-level travel time spent in this place.
 D = Time resting spent in this place.
 E = Time spent auto-exploring this place.
 F = Levels seen in this place.
 G = Mean time per level.
                   A        B        C        D        E       F      G
               +--------+--------+--------+--------+--------+-----+--------+
         Total |   5994 |   5675 |    319 |   1360 |   3148 |   6 |  999.0 |
       Dungeon |   5994 |   5675 |    319 |   1360 |   3148 |   6 |  999.0 |
               +--------+--------+--------+--------+--------+-----+--------+

Top non-repeatable levels by time:
     D:3: 1719 daAuts
     D:1: 1134 daAuts
     D:5: 1001 daAuts
     D:2: 936 daAuts
     D:4: 788 daAuts
     D:6: 414 daAuts
